 Dungeon Crawl Stone Soup version 0.26-a0-778-g3fe0686644 (webtiles) character file.

Game seed: 15625403902047904052

34 reriks the Chucker (level 3, 0/37 HPs)
             Began as an Ogre Hunter on Nov 11, 2020.
             Succumbed to an adder's poison
             ... on level 2 of the Dungeon.
             The game lasted 00:01:35 (1412 turns).

reriks the Chucker (Ogre Hunter)                    Turns: 1412, Time: 00:01:35

Health: 0/37       AC:  3    Str: 15 (17) XL:     3   Next: 31%
Magic:  3/3        EV: 10    Int:  9 (12) God:
Gold:   12         SH:  0    Dex:  7 (9)  Spells: 2/2 levels left

rFire    x . .     SeeInvis .   i - +0 club
rCold    + . .     Faith    .   (no shield)
rNeg     . . .     Spirit   .   b - +0 robe
rPois    .         Reflect  .   (helmet restricted)
rElec    .         Harm     .   (no cloak)
rCorr    .         Rampage  .   (gloves unavailable)
MR       .....                  (boots unavailable)
Stlth    +.........             (no amulet)
HPRegen  0.12/turn              e - ring of ice
MPRegen  0.08/turn              (no ring)

@: lethally poisoned (0 -> -9), flying
A: large, unfitting armour, tough skin 1
a: no special abilities


You were on level 2 of the Dungeon.
You visited 1 branch of the dungeon, and saw 2 of its levels.

You collected 12 gold pieces.

Inventory:

Hand Weapons
 a - a +0 short sword
 i - a +0 club (weapon)
Missiles
 c - 2 large rocks (quivered)
 d - 2 throwing nets
 h - 22 stones
Armour
 b - a +0 robe (worn)
Jewellery
 e - a ring of ice (left hand)
 p - an uncursed ring of protection from magic {unknown}
Scrolls
 g - a scroll of remove curse {unknown}
 k - a scroll of fear {unknown}
 l - 2 scrolls of identify {unknown}
 n - 2 scrolls of teleportation {unknown}
 o - a scroll of fog {unknown}


   Skills:
 + Level 3.2 Fighting
 * Level 0.8 Maces & Flails
 + Level 4.1 Throwing
 * Level 0.7 Armour
 + Level 2.1 Dodging
 - Level 1.0 Stealth


You had 2 spell levels left.
You didn't know any spells.
Your spell library was empty.

Dungeon Overview and Level Annotations

Branches:
Dungeon (2/15)

Altars:
Hepliaklqana
Ru


Innate Abilities, Weirdness & Mutations

You are too large for most types of armour.
You have tough skin. (AC +1)


Message History

It was a potion of magic.
Magic courses through your body.
* * * LOW HITPOINT WARNING * * *
You feel sick. The bat closely misses you.
It was a potion of degeneration.
There was something very wrong with that liquid.
You feel weakened.
You feel dopey.
You feel clumsy.
* * * LOW HITPOINT WARNING * * *
You feel sick. The bat hits you but does no damage.
It was a potion of flight.
You feel very buoyant.
You fly up into the air.
* * * LOW HITPOINT WARNING * * *
You feel sick. The bat closely misses you.
* * * LOW HITPOINT WARNING * * *
You feel sick. The bat barely misses you.
Found a robe.
The bat barely misses you.
Found a robe.
You hit the bat but do no damage.
You die...

..[....
........
.....(..
........
####........
#[...(......
#.#.#b?.....
#.._@.......
###.#.######
#.....#
#.##### #.#
#. #.# #.###
#.# #...#
#.# #...#
##.## #...#


You could see a bat.

Vanquished Creatures
  An adder (D:2)
  An ooze (D:1)
  A dart slug (D:1)
  A leopard gecko (D:1)
  2 goblins (D:1)
  A hobgoblin (D:1)
  2 kobolds (D:1)
  5 bats (D:1)
  4 frilled lizards
  3 rats
21 creatures vanquished.

Notes
Turn   | Place    | Note
-------+----------+-------------------------------------------
     0 | D:1      | reriks the Ogre Hunter began the quest for the Orb.
     0 | D:1      | Reached XP level 1. HP: 22/22 MP: 1/1
   275 | D:1      | Reached skill level 1 in Stealth
   275 | D:1      | Reached XP level 2. HP: 18/29 MP: 2/2
  1052 | D:1      | Reached XP level 3. HP: 22/37 MP: 3/3
  1330 | D:2      | Found a sacrificial altar of Ru.
  1394 | D:2      | Found a hazy altar of Hepliaklqana.
  1410 | D:2      | HP: 1/37 [poisoned by an adder]
  1412 | D:2      | Succumbed to an adder's poison

Illustrated notes

Levels and vault maps discovered:
D:1:      dpeg_arrival_round_b, layout_loops_ring, st_stairs_13
D:2:      layout_basic, lemuel_crystal_altar,
          chequers_temple_overflow_statue_of_worship, lemuel_round_altar,
          okawaru_ov_weapons_minmay

Skill      XL: |  1  2 |
---------------+-------+-----
Stealth        | 1 |  1.0
Dodging        | 2 |  2.1
Fighting       | 3 |  3.2
Maces & Flails | |  0.8
Throwing       | |  4.1
Armour         | |  0.7

Action                   || total
-------------------------++-------
Melee: Short sword       ||    18
       Club              ||    71
Throw: Stone             ||     8
       Large rock        ||     3
  Use: Potion            ||     3
 Stab: Sleeping          ||     2
Armor: Robe              ||    25
Dodge: Dodged            ||    58

Table legend: (Time is in decaauts)
 A = Elapsed time spent in this place.
 B = Non-inter-level travel time spent in this place.
 C = Inter-level travel time spent in this place.
 D = Time resting spent in this place.
 E = Time spent auto-exploring this place.
 F = Levels seen in this place.
 G = Mean time per level.
                   A        B        C        D        E       F      G
               +--------+--------+--------+--------+--------+-----+--------+
         Total |   1434 |   1406 |     28 |    475 |    705 |   2 |  717.0 |
       Dungeon |   1434 |   1406 |     28 |    475 |    705 |   2 |  717.0 |
               +--------+--------+--------+--------+--------+-----+--------+

Top non-repeatable levels by time:
     D:1: 1345 daAuts
     D:2: 88 daAuts
